Cogmind - Beta 13 @@@ ROGUE MODE // 2024.04.04 @ 21:29:39 Player: CONM Result: Destroyed by Y-45 Defender with Heavy Assault Rifle Performance ------------- Evolutions (1) 500 Regions Visited (4) 800 Robots Destroyed (9) 45 Value Destroyed (187) 187 Prototype IDs (0) 0 Alien Tech Used (0) 0 Bonus (60) 60 TOTAL SCORE: 1592 Bonus ------- Follower Combat Kills 60 Cogmind --------- Core Integrity 0/400 Matter 234/300 Energy 100/100 System Corruption 0% Temperature Cool (9) Movement Core (350) Ox6 Location -9/Storage Parts ------- > --- POWER (1) -------- (None) > --- PROPULSION (4) --- (None) > --- UTILITY (2) ------ Large Storage Unit > --- WEAPON (2) ------- (None) > --- INVENTORY (15) --- Ion Engine Small Storage Unit Huge Storage Unit High-capacity Matter Pod (145) ECM Suite Peak State ------------ > --- POWER ------------ Makeshift Power Source > --- PROPULSION ------- Light Treads Light Treads > --- UTILITY ---------- Small Storage Unit Seismic Detector > --- WEAPON ----------- Particle Gun Mini Grenade Launcher > --- INVENTORY -------- Ion Engine Aluminum Leg Huge Storage Unit High-capacity Matter Pod ECM Suite Light Assault Rifle Heavy Assault Rifle [Rating: 12] Favorites ----------- Power Ion Engine Engine Ion Engine Propulsion Light Treads Treads Light Treads Leg Aluminum Leg Utility Seismic Detector Device Seismic Detector Storage Small Storage Unit Weapon Assault Rifle Energy Gun Particle Gun Ballistic Gun Assault Rifle Launcher Mini Grenade Launcher Build | -11 -10 -10 -9 -9 ------- Run | Yrd Mat Min Mat Sto Slots Evolved 2 | . . . 2 . Power . | . . . . . Propulsion 2 | . . . 2 . Utility . | . . . . . Weapon . | . . . . . Parts Attached 17 | 6 3 2 5 1 Power 3 | 1 . 1 1 . Engine 3 | 1 . 1 1 . Core . | . . . . . Reactor . | . . . . . Propulsion 3 | 2 . . 1 . Treads 2 | 2 . . . . Leg 1 | . . . 1 . Wheel . | . . . . . Hover . | . . . . . Flight . | . . . . . Utility 5 | 1 3 . 1 . Device 1 | . 1 . . . Storage 4 | 1 2 . 1 . Processor . | . . . . . Hackware . | . . . . . Protection . | . . . . . Artifact . | . . . . . Weapon 6 | 2 . 1 2 1 Energy Gun 1 | . . 1 . . Energy Cannon . | . . . . . Ballistic Gun 4 | 2 . . 1 1 Ballistic Cannon . | . . . . . Launcher 1 | . . . 1 . Special Weapon . | . . . . . Impact Weapon . | . . . . . Slashing Weapon . | . . . . . Piercing Weapon . | . . . . . Special Melee Weapon . | . . . . . Unidentified Prototypes . | . . . . . Parts Lost 11 | . . 1 8 2 Power 2 | . . . 1 1 Propulsion 3 | . . . 3 . Utility 1 | . . . 1 . Weapon 5 | . . 1 3 1 Highest Loss Streak 4 | . . 1 4 2 To Critical Strikes . | . . . . . Average Slot Usage (%) 73 | . 97 100 56 27 Engine 11 | . 14 14 9 10 Treads 18 | . 28 28 11 . Device 9 | . 11 14 7 . Storage 12 | . 14 14 11 11 Energy Gun 5 | . . 5 8 . Ballistic Gun 13 | . 28 22 2 6 Launcher 2 | . . . 4 . Naked Turns . | . . . . . Heaviest Build 29 | 13 14 15 29 26 Greatest Support 40 | 40 40 40 40 3 Greatest Overweight (x) 9 | . . . 9 8 Average Overweight (x) . | . . . 1 7 Largest Inventory Capacity 25 | 8 25 8 15 15 Average Capacity 10 | 6 8 8 12 15 Most Carried 8 | 3 4 6 8 6 Average Carried 5 | . 2 4 7 5 Final Capacity 15 | 8 8 8 15 15 Final Carried 6 | . 4 6 6 5 Class Distribution -------------------- 100% | Mutant Dominant Class ---------------- Mutant | -10/Materials Mutant | -10/Mines Mutant | -9/Materials Mutant | -9/Storage Resources | -11 -10 -10 -9 -9 ----------- Run | Yrd Mat Min Mat Sto Matter Collected 512 | 247 . 145 98 22 Remotely . | . . . . . Salvage Created 213 | 81 . . 110 22 Parts 21 | 2 . . 17 2 Haulers Intercepted . | . . . . . Recyclers Shooed . | . . . . . Parts Field Recycled . | . . . . . Retrieved Matter . | . . . . . Parts Self-Destructed . | . . . . . Prevented . | . . . . . Kills | -11 -10 -10 -9 -9 ------- Run | Yrd Mat Min Mat Sto Combat Hostiles Destroyed 2 | . . . 2 . Guns 1 | . . . 1 . AOE 1 | . . . 1 . Classes Destroyed 6 | 1 . . 5 . Builder 2 | . . . 1 1 Recycler 1 | 1 . . . . Mechanic 1 | . . . 1 . Operator 1 | . . . 1 . Watcher 2 | . . . 2 . Sentry 2 | . . . 2 . Best Kill Streak 3 | 1 . . 3 1 Combat Bots Only 1 | . . . 1 . Max Kills in Single Turn 1 | 1 . . 1 1 Gunslinging . | . . . . . Exploded 1 | . . . 1 . Melee . | . . . . . Uniques/NPCs Destroyed . | . . . . . Combat | -11 -10 -10 -9 -9 -------- Run | Yrd Mat Min Mat Sto Hostile Shots Fired 152 | . 26 29 85 12 Missed 45 | . 6 7 31 1 Damage Taken 1657 | . 254 225 1015 163 Core 481 | . 41 40 312 88 Absorbed by Shields . | . . . . . Core Remaining (%) 83 | 100 . 67 . . Volleys Fired 27 | 3 . 1 16 7 Largest 2 | 2 . 2 2 1 Hottest 95 | 40 . 85 95 20 Shots Fired 35 | 6 . 2 20 7 Gun 26 | 6 . 2 11 7 Cannon . | . . . . . Launcher 9 | . . . 9 . Special . | . . . . . Kinetic 16 | 6 . 1 2 7 Thermal 10 | . . 1 9 . Explosive 9 | . . . 9 . Electromagnetic . | . . . . . Robot Hit Streak 15 | 2 . . 15 3 Robot Miss Streak 2 | 2 . 2 1 2 Penetration Max . | . . . . . Secondary Targets . | . . . . . Shots Hit Robots 23 | 3 . . 16 4 Core Hits 15 | 2 . . 12 1 Critical Kills . | . . . . . Critical Parts Destroyed . | . . . . . Critical Strikes 1 | . . . 1 . Burn 1 | . . . 1 . Melee Attacks . | . . . . . Impact . | . . . . . Slashing . | . . . . . Piercing . | . . . . . Sneak Attacks . | . . . . . Combat Hostiles . | . . . . . Follow-up Attacks . | . . . . . Damage Inflicted 504 | 25 . . 445 34 Guns 183 | 25 . . 124 34 Cannons . | . . . . . Explosions 321 | . . . 321 . Melee . | . . . . . Ramming . | . . . . . Kinetic 72 | 25 . . 13 34 Thermal 111 | . . . 111 . Explosive 321 | . . . 321 . Electromagnetic . | . . . . . Impact . | . . . . . Slashing . | . . . . . Piercing . | . . . . . Highest Corruption . | . . . . . Average Corruption . | . . . . . Corruption Purged . | . . . . . Corruption Blocked . | . . . . . Overload Shots . | . . . . . Overflow Damage 3 | . . . 3 . Projectiles . | . . . . . Explosions 3 | . . . 3 . Melee . | . . . . . Knockbacks . | . . . . . Impact . | . . . . . Kinetic . | . . . . . Secondary . | . . . . . Self-Inflicted Damage 261 | . . . 261 . Shots 8 | . . . 8 . Rammed . | . . . . . Targets Rammed . | . . . . . Kicked . | . . . . . Crushed . | . . . . . Highest Temperature 78 | . 3 39 78 . Average Temperature 24 | . 3 23 25 . Received Heat Transfer 471 | . 141 33 243 54 Siege Activations . | . . . . . Robots Corrupted . | . . . . . Combat Hostiles . | . . . . . Parts Fried . | . . . . . Impact Corruptions . | . . . . . Robots Melted . | . . . . . Combat Hostiles . | . . . . . Parts Melted 2 | . . . 2 . Heat Transferred 333 | . . . 333 . Parts Sabotaged . | . . . . . Parts Stolen . | . . . . . Parts Stripped . | . . . . . Power Chain Reactions . | . . . . . Alert | -11 -10 -10 -9 -9 ------- Run | Yrd Mat Min Mat Sto Peak Influence 81 | 5 18 68 81 33 Initial 13 | . 3 6 . 13 Average 22 | 1 6 23 32 16 Maximum Alert Level . | . . . . . Low Security (%) 100 | 100 100 100 100 100 Level 1 . | . . . . . Level 2 . | . . . . . Level 3 . | . . . . . Level 4 . | . . . . . Level 5 . | . . . . . High Security . | . . . . . Max Security . | . . . . . Squads Dispatched . | . . . . . Investigation . | . . . . . Extermination . | . . . . . Reinforcement . | . . . . . Assault . | . . . . . Garrison . | . . . . . Intercept . | . . . . . Searches Triggered . | . . . . . Construction Impeded . | . . . . . Haulers Reinforced . | . . . . . Active Scanning Responses . | . . . . . Cargo Convoy Interrupts . | . . . . . Stealth | -11 -10 -10 -9 -9 --------- Run | Yrd Mat Min Mat Sto Distress Signals 1 | . . . 1 . Communications Jammed . | . . . . . Distress Signals . | . . . . . Times Spotted 24 | . 5 6 11 2 Peak Tracking Total 5 | . 5 3 5 2 Tactical Retreats 1 | . . 1 . . Traps | -11 -10 -10 -9 -9 ------- Run | Yrd Mat Min Mat Sto Traps Triggered . | . . . . . Indirectly . | . . . . . Trap Hack Attempts . | . . . . . Triggered . | . . . . . Disarmed . | . . . . . Reprogrammed . | . . . . . Reused . | . . . . . Traps Extracted . | . . . . . Installed . | . . . . . Triggered . | . . . . . Machines | -11 -10 -10 -9 -9 ---------- Run | Yrd Mat Min Mat Sto Machines Disabled 2 | . . 1 1 . Max in Single Turn 1 | . . . 1 . Machines Repaired . | . . . . . Machines Dismantled . | . . . . . Machines Sabotaged . | . . . . . Overloaded Fab Kills . | . . . . . Hacking | -11 -10 -10 -9 -9 --------- Run | Yrd Mat Min Mat Sto Machines Accessed 1 | . 1 . . . Terminals 1 | . 1 . . . Fabricators . | . . . . . Repair Stations . | . . . . . Recycling Units . | . . . . . Scanalyzers . | . . . . . Garrison Access . | . . . . . Total Hacks 1 | . 1 . . . Successful . | . . . . . Failed 1 | . 1 . . . Catastrophic . | . . . . . Database Lockouts . | . . . . . Manual . | . . . . . Terminals 1 | . 1 . . . Fabricators . | . . . . . Repair Stations . | . . . . . Recycling Units . | . . . . . Scanalyzers . | . . . . . Garrison Access . | . . . . . Terminal Hacks . | . . . . . Fabricator Hacks . | . . . . . Repair Station Hacks . | . . . . . Recycling Unit Hacks . | . . . . . Scanalyzer . | . . . . . Garrison Access Hacks . | . . . . . Unauthorized Hacks . | . . . . . Terminals . | . . . . . Fabricators . | . . . . . Repair Stations . | . . . . . Recycling Units . | . . . . . Scanalyzers . | . . . . . Garrison Access . | . . . . . Data Cores Recovered . | . . . . . Used . | . . . . . Hacking Detections . | . . . . . Full Trace Events . | . . . . . Feedback Events . | . . . . . Feedback Blocked . | . . . . . Robot Schematics Acquired . | . . . . . Robots Built . | . . . . . Authchips . | . . . . . Time . | . . . . . Total Robot Build Rating . | . . . . . Part Schematics Acquired . | . . . . . Parts Built . | . . . . . Authchips . | . . . . . Time . | . . . . . Total Part Build Rating . | . . . . . Parts Repaired . | . . . . . Time . | . . . . . Parts Recycled . | . . . . . Recycled Matter . | . . . . . Retrieved Matter . | . . . . . Retrieved Components . | . . . . . Parts Scanalyzed . | . . . . . Part Schematics Acquired . | . . . . . Parts Damaged . | . . . . . Bothacking | -11 -10 -10 -9 -9 ------------ Run | Yrd Mat Min Mat Sto Used RIF Installer . | . . . . . Robots Hacked . | . . . . . Non-combat . | . . . . . Combat . | . . . . . Robot Hacks Applied . | . . . . . Relay Couplers Released . | . . . . . Fabnet Peak Effective % . | . . . . . Robots Rewired . | . . . . . Allies Hacked . | . . . . . Hacks Repelled . | . . . . . Allies | -11 -10 -10 -9 -9 -------- Run | Yrd Mat Min Mat Sto Total Allies 2 | . . 2 . . Largest Group 2 | . . 2 . . Highest-Rated Group 42 | . . 42 . . Highest-Rated Ally 31 | . . 31 . . Total Orders . | . . . . . Ally Attacks 13 | . . 13 . . Total Damage 81 | . . 81 . . Kills 2 | . . 2 . . Allies Corrupted . | . . . . . Allies Melted . | . . . . . Intel | -11 -10 -10 -9 -9 ------- Run | Yrd Mat Min Mat Sto Robot Analysis Total . | . . . . . Derelict Logs Recovered . | . . . . . Drone Launches . | . . . . . Drone Recoveries . | . . . . . Exploration | -11 -10 -10 -9 -9 ------------- Run | Yrd Mat Min Mat Sto Turns Passed 1884 | 119 331 486 774 174 Spaces Moved 947 | 71 202 299 338 37 Core 71 | 14 . . 20 37 Treads 833 | 57 202 299 275 . Legs 43 | . . . 43 . Wheels . | . . . . . Hover . | . . . . . Flight . | . . . . . Fastest Speed 50 | 50 160 160 160 350 Average Speed 189 | 138 160 160 216 439 Slowest Speed 500 | 160 160 160 500 450 Overloaded Moves . | . . . . . Propulsion Burnouts . | . . . . . Robots Hopped . | . . . . . Cave-ins Triggered . | . . . . . Exploration Rate (%) 26 | 4 32 61 28 9 Regions Visited 4 Branch Regions 2 Pre-discovered Areas . | . . . . . Known Exits Taken . | . . . . . Unknown Exits Taken 4 | 1 1 1 1 . Scrap Searched 1 | . . 1 . . Spaces Dug . | . . . . . Terrain Destroyed 32 | . . . 32 . Melee . | . . . . . Projectile . | . . . . . AOE 32 | . . . 32 . Terrain Rammed . | . . . . . Walls Destroyed . | . . . . . Machines Disabled . | . . . . . Actions | -11 -10 -10 -9 -9 --------- Run | Yrd Mat Min Mat Sto Total 1007 | 87 209 304 362 45 Wait 1 | . . 1 . . Move 943 | 70 201 298 337 37 Hop . | . . . . . Pick Up 18 | 7 5 2 4 . Fast Attach . | . . . . . Attach 12 | 6 1 . 4 1 Detach . | . . . . . Swap 5 | . 2 2 1 . Drop 1 | 1 . . . . Fire 27 | 3 . 1 16 7 Melee . | . . . . . Ram . | . . . . . Kick . | . . . . . Crush . | . . . . . Escape Stasis . | . . . . . Rewire . | . . . . . Trap . | . . . . . Miscellaneous . | . . . . . Route ------- -11/Scrapyard -10/Materials (discovered 2 exits: *Mat / [*Min]) -10/Mines -9/Materials -9/Storage History --------- Turn | Location | Event 6 | -11/Scrapyard | Discovered new exit (range 15) 120 | -11/Scrapyard | Entered Materials 301 | -10/Materials | Discovered new exit (range 13) 311 | -10/Materials | Build established: Mutant 369 | -10/Materials | Discovered new exit (range 3) 451 | -10/Materials | Entered Mines 469 | -10/Mines | Met a Derelict bent on vengeance 918 | -10/Mines | Discovered new exit (range 8) 937 | -10/Mines | Entered Materials 937 | -9/Materials | Evolved 2 slots: Propulsion x2 1550 | -9/Materials | Lost 4 parts (1p1n2w) 1586 | -9/Materials | Discovered new exit (range 5) 1682 | -9/Materials | Core integrity fell below 50% 1711 | -9/Materials | Entered Storage 1874 | -9/Storage | Core integrity fell below 20% 1885 | -9/Storage | Destroyed by Y-45 Defender with Heavy Assault Rifle Last Messages --------------- U-05 Engineer builds a Wall. U-05 Engineer lays Concrete. K-01 Serf collects debris. U-05 Engineer builds a Wall. U-05 Engineer lays Concrete. U-05 Engineer builds a Wall. EXIT=FOUND Aluminum Leg destroyed. Acquired Ion Engine. U-05 Engineer builds a Door. Critical hit (Burn: +37). Hvy. Assault Rifle destroyed. LOCATION=UNKNOWN GOAL=ESCAPE U-05 Engineer destroyed. Acquired 22 matter. R-06 Scavenger collects Welding Torch. R-06 Scavenger collects Terrain Scanner. Ion Engine destroyed. Lgt. Assault Rifle destroyed. Map ----- +----------------------------------------------------+ | ????????????????????????????????????????????????? | | ????????????????????????????????????????????????? | | ????????????????????????????????????????????????? | | ????????????????????????????????????????????????? | | ????????????????????????????????????????????????? | | ????????????????????????????????????????????????? | | ????????????????????????????????????????????????? | | ????????????????????????????????????????????????? | | ????????????????????????????????????????????????? | | ???????????????????##+#/##??????????????????????? | | ???????????????????# g ??????????????????????? | | ???????????????????# "??????????????????????? | | ??????????????????## ""?????????????????????? | | ??????????????????? """#???????????????????? | | ???????????????????# #???????????????????? | | ???????????????????# """#???????????????????? | | ???????????????????# """#???????????????????? | | ???????????????????? """#???????????????????? | | ?????????????????????? ?????????????????????? | | ???????????????????????#Y#??????????????????????? | | ???????????????????????# #??????????????????????? | | ???????????????????????# #??????????????????????? | | ???????????????????????# #??????????????????????? | | ???????????????????????# #??????????????????????? | | ???????????????????????# #??????????????????????? | | ???????????????????????#@#??????????????????????? | | ???????????????????????# #??????????????????????? | | ???????????????????????# #??????????????????????? | | ???????????????????????# #??????????????????????? | | ???????????????????????# #??????????????????????? | | ??????#########+######## #########??????????????? | | ??????# ????????? | | ??????# T????????? | | ??????# ????????? | | ??????############################### ?????????? | | ????????????????????????????????????????????????? | | ????????????????????????????????????????????????? | | ????????????????????????????????????????????????? | | | | | | | | | | | | | | | | | | | | | | | | | +----------------------------------------------------+ Best States ------------- Heat Dissipation 28 Energy Generation 15 Energy Capacity 250 Matter Stores 300 Matter Capacity 300 Sight Range 16 Terrain Scan Density 10 Evasion (%) 50 Recoil Reduction 2 Item Schematics ----------------- None Robot Schematics ------------------ None Fabricated ------------ Nothing Alien Tech Used ----------------- None Achievements -------------- None Challenges ------------ None Game ------ Seed SmallSensorLog Manual? 0 Play Time 00:17:33 Cumulative 4.3 hours Start 2024.04.04 @ 21:11:34 End 2024.04.04 @ 21:29:39 Sessions 1 Manual Loads 0 Difficulty Rogue Special Mode None Game No. 10 Rogue 10 Adventurer 0 Explorer 0 Win Type - Total 0 Types 0/0/0/0/0/0/0/0/0 Lore% 4 Gallery% 7 Achievement% 7 Wizard Run 0 Options --------- Layout 1 ASCII 0 Keyboard 0 Movement Arrows Keybinds 0 Fullscreen 1 Font 24/Smallcaps Map View 50x35 Zoom Use 0% Tactical HUD 0 Map Filters NONE Filters NONE Steam 1 RUN: 6cfb890c-32af-419f-9717-72e912551fe1